Map: Eastwatch LE

Players

SortOf - Winner!

  • Race: Zerg Zerg
  • Spawn Location: 7:00

TIME (Oliveira)

  • Race: Terran Terran
  • Spawn Location: 1:00

Event: WCS Leipzig 2018

VOD

Have the link to the VOD?

Description

Time

  • Played on: Jan. 26, 2018, 12:44 p.m.
  • Length: 13:34

All games in this series

Show
View Real Time Build Order
Export as new Build Order

SortOf Zerg - Winner!

Build Orders: Hatch First 

Get SALT Encoding   

  12  0:00  Drone  
  13  0:13  Overlord  
  13  0:17  Drone  
  14  0:31  Drone x2  
  14  0:35  Drone  
  17  0:52  Hatchery  
  17  0:55  Drone  
  17  0:58  Drone  
  18  1:07  Drone  
  18  1:08  Extractor  
  18  1:16  Spawning Pool  
  17  1:19  Drone  
  18  1:29  Drone  
  19  1:40  Drone  
  20  1:51  Overlord  
  20  2:03  Queen x2  
  20  2:04  Zergling x4  
  20  2:07  Metabolic Boost  
  26  2:11  Drone  
  26  2:14  Drone  
  28  2:23  Drone  
  28  2:25  Drone  
  30  2:33  Drone  
  31  2:40  Hatchery  
  30  2:47  Pneumatized Carapace  
  30  2:48  Drone  
  31  2:54  Overlord  
  31  2:56  Drone  
  32  2:59  Drone  
  32  3:00  Drone  
  34  3:08  Queen  
  37  3:12  Drone  
  37  3:13  Drone  
  37  3:14  Drone  
  37  3:19  Zergling x2  
  40  3:20  Drone x2  
  40  3:23  Drone  
  43  3:29  Drone  
  43  3:34  Overlord  
  44  3:43  Overlord  
  44  3:51  Queen  
  44  3:52  Queen  
  44  3:53  Drone x6  
  54  4:01  Lair  
  54  4:06  Zergling x6  
  54  4:08  Extractor  
  56  4:13  Zergling x2  
  56  4:15  Baneling Nest  
  56  4:17  Zergling x4  
  56  4:18  Zergling x4  
  56  4:20  Drone x2  
  62  4:25  Drone, Spore Crawler  
  62  4:26  Drone  
  62  4:28  Drone x2  
  65  4:32  Drone  
  66  4:41  Overlord  
  66  4:42  Overlord  
  66  4:48  Overlord  
  66  4:50  Overlord  
  66  4:56  Spore Crawler  
  66  4:58  Overseer  
  66  4:59  Queen  
  65  5:01  Baneling x3  
  65  5:03  Queen  
  64  5:08  Drone x2  
  63  5:15  Drone x4  
  63  5:16  Drone  
  63  5:20  Drone x6, Zergling x2  
  73  5:22  Drone  
  73  5:23  Evolution Chamber  
  73  5:26  Evolution Chamber  
  69  5:29  Zergling x2  
  69  5:30  Zergling x6  
  69  5:34  Zergling x2  
  74  5:37  Drone  
  74  5:41  Drone  
  76  5:43  Extractor  
  76  5:44  Extractor  
  76  5:45  Drone  
  75  5:50  Drone  
  75  5:51  Drone  
  75  5:52  Overlord  
  75  5:54  Drone x3  
  80  5:59  Spine Crawler  
  80  6:02  Hatchery  
  80  6:04  Drone x2  
  80  6:06  Zerg Ground Armor Level 1, Zerg Melee Weapons Level 1  
  80  6:07  Centrifical Hooks  
  80  6:09  Drone x2, Extractor  
  80  6:10  Drone, Extractor  
  82  6:12  Overlord  
  82  6:13  Drone  
  82  6:15  Overlord  
  82  6:18  Drone x2  
  85  6:19  Drone  
  85  6:20  Overlord  
  85  6:24  Drone  
  87  6:25  Hydralisk Den  
  87  6:26  Drone  
  87  6:27  Drone  
  87  6:28  Queen  
  87  6:30  Baneling x3  
  87  6:31  Baneling  
  90  6:33  Overseer  
  90  6:37  Zergling x10  
  95  6:44  Zergling x4  
  95  6:46  Overlord  
  97  6:49  Zergling x2  
  97  6:51  Overlord  
  97  6:54  Baneling x4  
  98  6:58  Hydralisk  
  98  6:59  Zergling x2, Muscular Augments  
  101  7:03  Hydralisk  
  103  7:11  Zergling x4, Hydralisk x2  
  103  7:12  Zergling x2  
  110  7:20  Zergling x12, Hydralisk x2  
  120  7:26  Hydralisk  
  120  7:27  Zergling x4  
  120  7:29  Queen  
  125  7:32  Overlord  
  125  7:33  Baneling x4  
  125  7:34  Baneling  
  125  7:35  Hydralisk  
  125  7:36  Zergling x2  
  128  7:38  Overlord  
  125  7:45  Hydralisk x5  
  124  8:00  Drone  
  124  8:01  Drone x6  
  124  8:03  Zerg Ground Armor Level 2, Zerg Melee Weapons Level 2  
  131  8:08  Zergling x2  
  131  8:09  Zergling x2  
  133  8:21  Zergling x12  
  133  8:23  Hatchery  
  133  8:26  Drone x2  
  140  8:34  Zergling x2  
  140  8:35  Zergling x16  
  140  8:36  Baneling x2  
  140  8:39  Overlord  
  149  8:45  Infestation Pit  
  149  8:47  Zergling x2  
  149  8:48  Zergling x20  
  159  8:58  Baneling x2  
  159  8:59  Baneling  
  159  9:03  Baneling x6  
  159  9:05  Zergling x2  
  159  9:06  Zergling x8  
  159  9:15  Zergling x6, Hydralisk x4  
  167  9:17  Hatchery  
  167  9:23  Zergling x4  
  168  9:24  Overlord  
  168  9:26  Overlord  
  166  9:42  Zergling x2  
  166  9:43  Zergling x18  
  167  9:46  Hive  
  167  9:51  Zergling x8  
  167  9:52  Zergling x10  
  171  10:08  Overlord  
  171  10:11  Baneling  
  171  10:12  Baneling x14  
  167  10:14  Hydralisk  
  167  10:15  Hydralisk x10  
  186  10:31  Drone  
  186  10:32  Drone x5  
  192  10:39  Zergling x14  
  192  11:03  Spire, Adrenal Glands  
  192  11:04  Ultralisk Cavern  
  181  11:12  Baneling x2  
  180  11:25  Queen  
  166  11:26  Extractor  
  159  11:35  Drone x2  
  159  11:36  Drone x2  
  159  11:37  Drone x3  
  159  11:38  Extractor  
  165  11:40  Zergling x10  
  165  11:41  Zergling x30  
  165  11:43  Nydus Network  
  165  11:44  Hatchery  
  183  11:49  Extractor, Overlord  
  183  11:51  Spore Crawler  
  181  11:57  Zergling x8  
  181  11:58  Zergling x8  
  181  12:01  Chitinous Plating, Queen  
  185  12:13  Drone x2  
  187  12:21  Zergling x34  
  193  12:41  Zergling x20  
  195  12:49  Nydus Canal  
  190  12:55  Zergling x8  
  178  13:11  Zergling x4  
  195  13:14  Zergling x8  
  195  13:18  Overseer  
Show
View Real Time Build Order
Export as new Build Order

TIME Terran 

Build Orders: Reaper Expand, Bio Tank, Hellion Banshee 

Get SALT Encoding   

  12  0:00  SCV  
  13  0:12  SCV  
  14  0:17  Supply Depot  
  14  0:24  SCV  
  15  0:39  SCV  
  15  0:40  Barracks  
  16  0:44  Refinery  
  16  0:51  SCV  
  17  1:03  SCV  
  18  1:15  SCV  
  19  1:27  Reaper  
  19  1:28  Orbital Command  
  20  1:40  Command Center  
  20  1:53  SCV, Supply Depot  
  21  1:59  Marine  
  22  2:05  SCV  
  23  2:08  Factory  
  23  2:11  Refinery  
  23  2:17  SCV  
  23  2:21  Barracks Reactor  
  24  2:29  SCV  
  25  2:41  SCV  
  26  2:52  Orbital Command  
  26  2:53  SCV, Starport  
  27  3:00  Hellion  
  27  3:01  Hellion  
  27  3:04  Barracks Tech Lab  
  31  3:06  SCV  
  32  3:18  SCV x2  
  34  3:21  Hellion  
  34  3:22  Hellion  
  34  3:24  Supply Depot  
  38  3:30  SCV x2  
  40  3:34  Cloaking Field  
  40  3:35  Banshee  
  43  3:43  SCV x2  
  47  3:48  Hellion  
  47  3:49  Hellion  
  47  3:52  Supply Depot  
  47  3:55  SCV  
  50  3:58  SCV  
  51  4:07  SCV  
  52  4:11  SCV  
  52  4:14  Cyclone x2  
  59  4:19  Supply Depot  
  59  4:21  SCV  
  59  4:23  SCV  
  61  4:35  Command Center  
  61  4:40  SCV  
  61  4:41  SCV, Banshee  
  66  4:45  Supply Depot  
  66  4:47  Barracks Tech Lab  
  66  4:52  SCV  
  66  4:54  Barracks  
  66  4:55  Barracks  
  66  4:56  SCV  
  66  4:57  Factory Reactor  
  66  5:10  SCV  
  60  5:14  SCV  
  54  5:23  SCV, Refinery, Engineering Bay x2, Marine  
  54  5:24  Refinery, Stimpack  
  54  5:26  SCV  
  57  5:32  Starport Reactor  
  57  5:35  SCV  
  58  5:38  SCV  
  58  5:41  Marine  
  60  5:43  Marine x2  
  60  5:46  Marine  
  60  5:47  SCV, Siege Tank  
  60  5:48  Orbital Command  
  67  5:50  Terran Infantry Weapons Level 1  
  67  5:52  Marine  
  67  5:53  SCV  
  69  5:59  Marine  
  69  6:00  Marine x2, Terran Infantry Armor Level 1  
  72  6:04  Marine  
  72  6:05  SCV  
  72  6:09  Marine  
  75  6:12  Barracks x2  
  75  6:13  SCV  
  75  6:14  Orbital Command  
  75  6:15  Medivac  
  75  6:16  Marine  
  75  6:17  SCV  
  80  6:18  Medivac, Marine x2  
  80  6:24  Marine  
  80  6:25  SCV, Supply Depot  
  86  6:28  Armory, Marine  
  86  6:29  SCV  
  88  6:34  Marine  
  88  6:36  Marine  
  88  6:37  SCV, Marine  
  88  6:39  Supply Depot  
  92  6:41  SCV  
  92  6:42  Supply Depot  
  92  6:46  SCV, Marine  
  95  6:49  Siege Tank  
  95  6:50  Marine  
  95  6:51  SCV  
  100  6:55  Marine  
  100  7:01  SCV x2, Marine x2  
  105  7:03  Refinery  
  105  7:04  Supply Depot, Marine, Barracks Reactor x2  
  105  7:05  SCV, Refinery  
  107  7:09  Marine  
  107  7:13  SCV, Marine  
  110  7:19  Marine x2  
  112  7:24  SCV, Marine, Combat Shields  
  112  7:26  Marine  
  112  7:29  SCV, Siege Tank  
  119  7:30  SCV  
  119  7:32  Factory  
  119  7:33  Terran Vehicle Weapons Level 1  
  119  7:36  Marine  
  121  7:37  Supply Depot, Marine x2  
  121  7:38  SCV  
  124  7:44  Marine  
  124  7:46  Terran Infantry Weapons Level 2  
  125  7:52  Marine x3  
  125  7:56  SCV, Marine x5  
  120  7:59  SCV x2, Terran Infantry Armor Level 2  
  120  8:00  Supply Depot  
  120  8:02  Marine  
  120  8:03  Supply Depot, Medivac x2  
  127  8:10  Marine  
  128  8:13  Marine x3  
  128  8:14  Supply Depot x2  
  128  8:17  Factory Tech Lab  
  128  8:19  Marine x2  
  133  8:21  Liberator  
  133  8:22  Marine x2, Siege Tank  
  133  8:24  Marine  
  129  8:36  Command Center, Marine x4  
  129  8:37  Siege Tank  
  129  8:41  Medivac  
  141  8:43  SCV x3  
  144  8:53  Command Center  
  144  8:54  Marine x3, Siege Tank  
  149  8:56  SCV  
  149  9:01  Marine x3  
  149  9:02  Marine x2  
  153  9:03  Sensor Tower  
  153  9:05  SCV  
  156  9:14  Siege Tank  
  159  9:20  SCV  
  160  9:33  Medivac x2  
  160  9:34  Marine  
  160  9:36  Marine  
  162  9:38  Siege Tank  
  162  9:39  SCV  
  162  9:41  Marine x3  
  162  9:44  SCV x2  
  157  9:46  Barracks  
  157  9:47  Barracks  
  157  9:48  Barracks  
  157  9:51  SCV, Siege Tank  
  154  9:54  Marine x2  
  154  9:56  SCV x2  
  158  10:01  Marine  
  158  10:03  SCV  
  159  10:07  Marine  
  159  10:08  SCV, Marine x2  
  159  10:09  SCV, Marine  
  159  10:10  Marine  
  159  10:11  Siege Tank  
  158  10:15  SCV, Marine  
  158  10:20  SCV  
  158  10:21  SCV, Ghost Academy  
  158  10:23  Siege Tank  
  158  10:26  Missile Turret  
  161  10:36  Barracks Tech Lab x3  
  161  10:38  SCV  
  161  10:39  SCV  
  163  10:48  Marine x3  
  163  10:49  Marine  
  167  10:50  Marine x2  
  167  10:53  Command Center  
  167  10:54  SCV x2  
  167  10:55  Marine  
  167  10:56  Marine  
  170  10:57  Moebius Reactor, Ghost x2  
  170  10:59  Ghost  
  167  11:07  Ghost  
  159  11:25  Ghost  
  159  11:26  Ghost  
  153  11:40  Ghost  
  153  11:45  SCV x2  
  157  11:47  SCV  
  158  11:57  SCV x2  
  158  12:01  Planetary Fortress  
  160  12:08  Orbital Command  
  160  12:13  Ghost x2, Missile Turret  
  164  12:19  Refinery  
  164  12:22  Siege Tank x2  
  143  12:26  Orbital Command  
  143  12:27  Marine  
  144  12:30  Unknown  
  144  12:31  Unknown x3, Marine  
  144  12:34  Marine x4  
  144  12:35  Marine, Marauder x2  
  144  12:37  Marine  
  154  12:42  Marauder x2  
  148  12:53  SCV  
  148  12:55  Orbital Command  
  148  12:57  Siege Tank x2  
  153  13:00  Marine x2  
  153  13:01  Marauder  
  153  13:04  SCV  
  141  13:09  Marine  
  141  13:10  Marine, Marauder  
  132  13:14  SCV, Command Center  
  132  13:17  SCV  
Tags
 
Add a new tag
Caveats
  • Supply blocks, unpowered buildings, or Contaminate may cause inaccurate times.
  • Supply counts are checked every 10 seconds.